Map: Ulrena

Players

Wellmet

  • Race: Terran Terran
  • League: Platinum

noS - Winner!

  • Race: Zerg Zerg
  • League: Diamond

VOD

Have the link to the VOD?

Description

Time

  • Played on: Nov. 11, 2015, 3:38 a.m.
  • Length: 4:06
Show
View Real Time Build Order
Export as new Build Order

Wellmet Terran 

Build Orders:  

Get SALT Encoding   

  12  0:02  SCV  
  13  0:14  SCV  
  13  0:19  Supply Depot  
  14  0:25  Refinery  
  14  0:29  SCV  
  15  0:41  SCV  
  16  0:53  SCV, Barracks  
  17  1:04  Refinery  
  17  1:07  SCV  
  18  1:19  SCV  
  19  1:40  Orbital Command  
  19  1:46  Factory  
  19  1:52  Barracks Reactor  
  19  2:00  Supply Depot  
  19  2:06  SCV  
  20  2:19  SCV  
  21  2:28  Marine x2  
  23  2:31  Factory Tech Lab, Starport  
  23  2:34  SCV  
  24  2:52  Marine  
  24  2:54  SCV  
  27  2:59  Siege Tank  
  27  3:06  SCV  
  27  3:12  Barracks Reactor  
  25  3:18  SCV  
Show
View Real Time Build Order
Export as new Build Order

noS Zerg - Winner!

Build Orders: Pool Only 

Get SALT Encoding   

  12  0:01  Drone  
  13  0:09  Extractor  
  12  0:25  Spawning Pool  
  11  0:32  Drone  
  11  0:34  Drone  
  13  0:40  Drone  
  14  0:54  Overlord  
  14  1:12  Zergling x4  
  14  1:14  Metabolic Boost  
  16  1:20  Zergling x2  
  17  1:30  Baneling Nest  
  17  1:32  Zergling x2  
  17  1:41  Zergling x2  
  18  1:48  Zergling x2  
  19  2:04  Queen  
  19  2:05  Zergling x2  
  22  2:17  Overlord  
  22  2:19  Baneling  
  22  2:20  Baneling  
  22  2:23  Baneling  
  22  2:25  Baneling  
  22  2:35  Zergling x2  
  22  2:36  Zergling x2  
  22  2:49  Zergling x2  
  22  3:02  Zergling x2  
  21  3:09  Zergling x2  
  22  3:15  Zergling x2  
  21  3:32  Baneling  
  21  3:33  Baneling  
  21  3:36  Zergling x8  
Tags
 
Add a new tag
Caveats
  • Supply blocks, unpowered buildings, or Contaminate may cause inaccurate times.
  • Supply counts are checked every 10 seconds.